 Dungeon Crawl Stone Soup version 0.32-a0-290-g598725c5f2 (webtiles) character file.

Game seed: 18052781538186329078

565 kae the Changeling (level 7, 0/44 HPs)
             Began as a Demonspawn Shapeshifter on Feb 13, 2024.
             Was an Initiate of Makhleb.
             Slain by a gnoll
             ... wielding a +0 whip
             ... led by a gnoll bouda
              (4 damage)
             ... on level 4 of the Dungeon.
             The game lasted 00:04:31 (3275 turns).

kae the Changeling (Demonspawn Shapeshifter)        Turns: 3275, Time: 00:04:32

Health: 0/44       AC:  0    Str: 14    XL:     7   Next: 10%
Magic:  7/7        EV: 16    Int: 10    God:    Makhleb [......]
Gold:   73         SH:  0    Dex: 15    Spells: 6/6 levels left

rFire   . .          .
                       - Unarmed
rCold   . . .        (shield currently unavailable)
rNeg    . . .        a - melded +0 animal skin
rPois   .            (helmet restricted)
rElec   .            (no cloak)
rCorr   .            (no gloves)
SInv    .            (no boots)
Will    .....        (no amulet)
Stlth   +            (no ring)
HPRegen 0.27/turn    (no ring)
MPRegen 0.10/turn

%: no passive effects
@: flux-form, glowing
A: glow, contaminating, reduced hp, hooves 1, horns 1, ignite blood 1
a: Begin Untransformation, Renounce Religion


You were on level 4 of the Dungeon.
You worshipped Makhleb.
Makhleb was noncommittal.
You were something dangerously unstable.
You visited 2 branches of the dungeon, and saw 5 of its levels.
You also visited: Sewer.

You collected 73 gold pieces.


Innate Abilities, Weirdness & Mutations

You are something dangerously unstable.
You glow with magical radiation, making you easy to see and hit.
Foes you strike become dangerously contaminated with magical radiation.
Your maximum health is decreased, since you lack skill for your form.
You are incapable of wielding weapons or throwing items.
You have large cloven feet.
You have a pair of small horns on your head.
Your demonic aura sometimes causes spilled blood to erupt in flames.


   Skills:
 - Level 1.0 Fighting
 - Level 1.7 Dodging
 * Level 4.1 Unarmed Combat
 + Level 6.3 Shapeshifting


You had 6 spell levels left.
You didn't know any spells.
Your spell library contained the following spells:

 Spells                   Type           Power      Damage    Failure   Level
 Apportation              Tloc           0%         N/A       36%         1
 Jinxbite                 Hex            0%         N/A       50%         2
 Alistair's Intoxication  Alch           0%         N/A       100%        5

Inventory:

Missiles
 f - 8 poisoned darts (quivered)
 j - 10 stones
 o - 2 boomerangs
Armour
 a - a +0 animal skin (melded)
Talismans
 c - a beast talisman
 d - a flux talisman (active)
Scrolls
 b - a scroll of identify {@r1}
 r - a scroll of enchant armour {unknown}
Potions
 e - 2 potions of brilliance
 h - a potion of degeneration {unknown}
 i - a potion of enlightenment {unknown}
 k - a potion of attraction {!q}
 l - 2 potions of might {unknown}
 m - 3 potions of curing {@q1}
 n - a potion of heal wounds {unknown}
 p - a potion of haste {unknown}
 q - a potion of mutation {unknown}
 s - a potion of invisibility {unknown}

Dungeon Overview and Level Annotations

Branches:
Dungeon (4/15) Zot: 21258  Temple (1/1) D:4 Zot: 5959   Sewer (visited)

Altars:
Cheibriados
Dithmenos
Fedhas
Hepliaklqana
Makhleb
Nemelex Xobeh
Okawaru
Qazlal
Sif Muna
Trog
Uskayaw
Vehumet
Xom
Yredelemnul

g...............########
g##.#.##g...)...........
....#.......g.........>.
.#....#..g..............
.#.#.......g............
...#)...................
##.....#....####.g####..
...##..#...## #gg#
.#....##.!.# #pg#
.#.##.##..## #..#
.....†#..## #..#
##.##.).## #..#
.......## #..# .###.<##
#..# .....## ##.. .....#
#. ....## #.


You could see a gnoll bouda (contam) and 3 gnolls.


Message History

You kick the gnoll, but do no damage. 😮 HP[+1]
The gnoll bouda barks out a call to the hunt!
The gnoll picks up the pace!
The gnoll misses you. x2
The gnoll closely misses you. 😮 HP[+1]
You hit the gnoll but do no damage.
The gnoll begins to glow.
You kick the gnoll, but do no damage.
You headbutt the gnoll, but do no damage.
The gnoll closely misses you. The gnoll completely misses you.
Okay, then.
Okay, then.
As you read the scroll of teleportation {@r4}, it crumbles to dust.
You feel strangely unstable. The gnoll barely misses you.
The gnoll misses you. 😮 HP[+1]
The gnoll stops glowing.
The gnoll barely misses you. x2
Unknown command.
The gnoll attacks as it pursues you! The gnoll barely misses you.
Unknown command.
Unknown command.
Your surroundings suddenly seem different.
A kobold comes into view. It is wielding a +0 dagger.
The kobold shouts! 😕 HP[+1]
The gnoll bouda barks out a call to the hunt! 😕 HP[+1]
You hit the kobold.
The kobold begins to glow.
You kick the kobold, but do no damage. The kobold completely misses you.
Unknown command.
You hit the kobold.
You kill the kobold!
Makhleb accepts your kill.
The gnoll bouda barks out a call to the hunt! 😕 HP[+1]
Found a stone staircase leading down.
The gnoll bouda barks out a call to the hunt!
The gnoll shouts! 😕 HP[+1]
A ball python comes into view.
The ball python hisses angrily. 😕 HP[+1]
You hit the ball python but do no damage.
The ball python begins to glow.
The ball python closely misses you. The ball python misses you.
You hit the ball python.
The ball python glows dangerously bright.
The ball python bites you.
The ball python closely misses you. 😕 HP[-3]
You take 3 damage, and now have 35/44 hp.
Unknown command.
You hit the ball python.
You kill the ball python!
Makhleb accepts your kill. The gnoll hits you with a +0 flail!
The gnoll bouda barks out a call to the hunt! 😮 HP[-9]
You take 9 damage, and now have 26/44 hp.
MASSIVE DAMAGE!! (PAUSE)
You barely miss the gnoll. Your kick misses the gnoll.
The gnoll hits you with a +0 flail.
* * * LOW HITPOINT WARNING * * *
The gnoll bouda calls upon its god to heal something. 😨 HP[-5]
You take 5 damage, and now have 21/44 hp.
You hit the gnoll.
The gnoll begins to glow.
You kick the gnoll. You headbutt the gnoll. The gnoll barely misses you.
You hit the gnoll.
The gnoll glows dangerously bright.
The gnoll closely misses you.
The gnoll bouda calls upon its god to heal the gnoll.
The gnoll is healed somewhat.
You hear a shout!
Unknown command.
You hit the gnoll.
The gnoll shudders as magic cascades through it!!
You kill the gnoll!
Makhleb accepts your kill.
The gnoll bouda barks out a call to the hunt!
The gnoll picks up the pace!
You see here a +0 flail. 😨 HP[+1]
You hit the gnoll bouda but do no damage.
The gnoll bouda begins to glow.
You kick the gnoll bouda, but do no damage.
The gnoll bouda hits you with a +0 club!
* * * LOW HITPOINT WARNING * * *
The gnoll hits you with a +0 whip!
* * * LOW HITPOINT WARNING * * *
😱 HP[-20]
You take 20 damage, and now have 2/44 hp.
MASSIVE DAMAGE!! (PAUSE)
Okay, then.
Okay, then.
You feel better. The gnoll barely misses you.
The gnoll hits you with the +6 dagger "Emocs" {vamp, rN+ Will+ Dex+4}.
* * * LOW HITPOINT WARNING * * *
The gnoll hits you with a +0 whip.
You die...

Skill      XL: |  1  2  3  4  5  6  7 |
---------------+----------------------+-----
Shapeshifting  | 3 4 5 6 |  6.3
Unarmed Combat | 3 4 |  4.1
Fighting       | |  1.0
Dodging        | |  1.7

Action                     |  1- 3 |  4- 6 |  7- 9 || total
---------------------------+-------+-------+-------++-------
  Melee: Unarmed           |    78 |   127 |    35 ||   240
         Punch             |     2 |     1 |       ||     3
         Headbutt          |    10 |    18 |     5 ||    33
         Kick              |       |    22 |    13 ||    35
    Use: Scroll            |     4 |     6 |     1 ||    11
         Potion            |       |     1 |     1 ||     2
   Stab: Sleeping          |     1 |     2 |       ||     3
 Armour: Animal skin       |    29 |    41 |       ||    70
         Skin              |       |    38 |    15 ||    53
  Dodge: Dodged            |    49 |    96 |    39 ||   184
   Form: Flux              |       |     1 |       ||     1

Levels and vault maps discovered:
D:1:      scummos_arrival_star, layout_loops_ring
D:2:      layout_loops_corners, hellmonk_ecumenical_altar_run_dry
D:3:      layout_loops_ring, gup_sewer_entry_pipe
D:4:      layout_layer_cave, minmay_temple_entry_ruins, kennysheep_nub,
          uniq_natasha
Temple:   lightli_temple_of_artemis

Notes
Turn   | Place    | Note
-------+----------+-------------------------------------------
     0 | D:1      | kae the Demonspawn Shapeshifter began the quest for the
                  | Orb.
     0 | D:1      | Reached XP level 1. HP: 15/15 MP: 1/1
     0 | D:1      | magus.rc [v1.11.3]
    94 | D:1      | Reached skill level 3 in Shapeshifting
   165 | D:1      | You feel monstrous as your demonic heritage exerts itself.
   165 | D:1      | Discovered your monstrous ancestry.
   165 | D:1      | Gained mutation: You have a pair of small horns on your
                  | head. [demonic ancestry]
   165 | D:1      | Reached XP level 2. HP: 21/21 MP: 2/2
   498 | D:1      | Reached XP level 3. HP: 26/26 MP: 3/3
   828 | D:2      | Found a faded altar of an unknown god.
   938 | D:2      | Reached skill level 4 in Shapeshifting
  1161 | D:2      | Gained mutation: Your demonic aura sometimes causes spilled
                  | blood to erupt in flames. [demonic ancestry]
  1161 | D:2      | Reached XP level 4. HP: 28/32 MP: 4/4
  1884 | D:3      | Found a glowing drain.
  1897 | Sewer    | Entered a sewer
  1943 | Sewer    | Noticed a brain worm
  1953 | Sewer    | Killed a brain worm
  1954 | Sewer    | Reached skill level 5 in Shapeshifting
  1954 | Sewer    | Gained mutation: You have large cloven feet. [demonic
                  | ancestry]
  1954 | Sewer    | Reached XP level 5. HP: 27/37 MP: 2/5
  2088 | Sewer    | Noticed Pargi
  2103 | Sewer    | HP: 10/55 [Pargi (6)]
  2105 | Sewer    | Killed Pargi
  2106 | Sewer    | Reached skill level 6 in Shapeshifting
  2106 | Sewer    | Reached XP level 6. HP: 12/43 MP: 6/6
  2426 | D:3      | Reached skill level 3 in Unarmed Combat
  2938 | D:4      | Found a staircase to the Ecumenical Temple.
  2938 | D:4      | Noticed Natasha
  2954 | D:3      | Killed Natasha
  2955 | D:3      | Reached XP level 7. HP: 12/48 MP: 7/7
  3138 | D:4      | You pick up a book of Party Tricks and begin reading...
  3138 | D:4      | You add the spells Apportation, Jinxbite and Alistair's
                  | Intoxication to your library.
  3161 | D:4      | Reached skill level 4 in Unarmed Combat
  3174 | Temple   | Entered the Ecumenical Temple
  3200 | Temple   | Became a worshipper of Makhleb the Destroyer
  3229 | D:4      | Identified the +6 dagger "Emocs" {vamp, rN+ Will+ Dex+4}
  3274 | D:4      | HP: 2/44 [gnoll/+0 whip[a gnoll bouda] (10)]
  3275 | D:4      | Slain by a gnoll

Vanquished Creatures
  Pargi (Sewer)
  A phantom (D:3)
  2 brain worms (Sewer)
  A hound (D:4)
  Natasha (D:3)
  2 gnolls (D:4)
  5 adders
  3 dart slugs
  A ribbon worm (D:2)
  3 orcs
  4 endoplasms
  8 giant cockroaches
  5 goblins
  6 hobgoblins
  4 jackals (D:3)
  4 quokkas
  12 ball pythons
  7 bats
  4 frilled lizards
  5 kobolds
  4 rats
83 creatures vanquished.

Table legend:
 A = Non-vault XP
 B = Vault XP
 C = Vault XP percentage of total XP
 D = Non-vault monster count
 E = Vault monster count
 F = Vault count percentage of total count
                 A         B        C        D         E       F
            +---------+---------+-------+---------+---------+-------
      Total |     413 |     395 |  48.9 |      65 |      18 |  21.7
            +---------+---------+-------+---------+---------+-------
        D:1 |      50 |       0 |   0.0 |      18 |       0 |   0.0
        D:2 |      80 |       0 |   0.0 |      20 |       0 |   0.0
        D:3 |     164 |      52 |  24.1 |      16 |       6 |  27.3
        D:4 |     119 |       0 |   0.0 |      11 |       0 |   0.0
      Sewer |       0 |     343 | 100.0 |       0 |      12 | 100.0
            +---------+---------+-------+---------+---------+-------

Skill      XL: |  1  2  3  4  5  6  7 |
---------------+----------------------+-----
Shapeshifting  | 3 4 5 6 |  6.3
Unarmed Combat | 3 4 |  4.1
Fighting       | |  1.0
Dodging        | |  1.7

Action                     |  1- 3 |  4- 6 |  7- 9 || total
---------------------------+-------+-------+-------++-------
  Melee: Unarmed           |    78 |   127 |    35 ||   240
         Punch             |     2 |     1 |       ||     3
         Headbutt          |    10 |    18 |     5 ||    33
         Kick              |       |    22 |    13 ||    35
    Use: Scroll            |     4 |     6 |     1 ||    11
         Potion            |       |     1 |     1 ||     2
   Stab: Sleeping          |     1 |     2 |       ||     3
 Armour: Animal skin       |    29 |    41 |       ||    70
         Skin              |       |    38 |    15 ||    53
  Dodge: Dodged            |    49 |    96 |    39 ||   184
   Form: Flux              |       |     1 |       ||     1

Illustrated notes

Table legend:
 A = Kills in this place as a percentage of kills in the entire game.
 B = Kills by you in this place as a percentage of kills by you in the entire game.
 C = Kills by friends in this place as a percentage of kills by friends in the entire game.
 D = Other kills in this place as a percentage of other kills in the entire game.
 E = Experience gained in this place as a percentage of experience gained in the entire game.
 F = Experience gained in this place divided by the number of levels of this place that you have seen.
                   A       B       C       D       E      F
               +-------+-------+-------+-------+-------+----------------------
         Total | 100.0 | 100.0 |   N/A |   N/A | 100.0 | 134.7
       Dungeon |  85.5 |  85.5 |   N/A |   N/A |  57.5 | 116.2
         Sewer |  14.5 |  14.5 |   N/A |   N/A |  42.5 | 343.0
               +-------+-------+-------+-------+-------+----------------------

Table legend: (Time is in decaauts)
 A = Elapsed time spent in this place.
 B = Non-inter-level travel time spent in this place.
 C = Inter-level travel time spent in this place.
 D = Time resting spent in this place.
 E = Time spent auto-exploring this place.
 F = Levels seen in this place.
 G = Mean time per level.
                   A        B        C        D        E       F      G
               +--------+--------+--------+--------+--------+-----+--------+
         Total |   3330 |   3204 |    126 |    134 |   2337 |   6 |  555.0 |
       Dungeon |   2740 |   2628 |    112 |     71 |   2022 |   4 |  685.0 |
        Temple |     40 |     26 |     14 |      0 |      0 |   1 |   40.0 |
         Sewer |    549 |    549 |      0 |     63 |    315 |   1 |  549.0 |
               +--------+--------+--------+--------+--------+-----+--------+

Top non-repeatable levels by time:
     D:2: 994 daAuts
     D:3: 832 daAuts
     D:1: 699 daAuts
   Sewer: 549 daAuts
     D:4: 214 daAuts
  Temple: 40 daAuts
